 Dungeon Crawl Stone Soup version 0.19.5 (webtiles) character file.

126 devil0150 the Magician (level 4, -5/27 HPs)
             Began as a High Elf Wizard on Apr 11, 2017.
             Was an Initiate of Makhleb.
             Shot with an arrow by a centaur (13 damage)
             ... on level 3 of the Dungeon.
             The game lasted 00:12:22 (3666 turns).

devil0150 the Magician (High Elf Wizard)            Turns: 3666, Time: 00:12:23

Health: -5/27      AC:  2    Str:  6    XL:     4   Next: 84%
Magic:  9/12       EV: 13    Int: 22    God:    Makhleb [......]
Gold:   185        SH:  0    Dex: 14    Spells: 5 memorised, 2 levels left

rFire  . . .     SeeInvis .     j - +0 dagger
rCold  . . .     Gourm    .     a - +0 robe
rNeg   . . .     Faith    .     (no shield)
rPois  .         Spirit   .     b - +0 hat
rElec  .         Reflect  .     (no cloak)
rCorr  .         Harm     .     (no gloves)
MR     .....                    (no boots)
Stlth  ++........               (no amulet)
                                (no ring)
                                i - ring of wizardry

@: about to teleport
A: no striking features
a: Renounce Religion


You were on level 3 of the Dungeon.
You worshipped Makhleb.
Makhleb was noncommittal.
You were not hungry.

You visited 1 branch of the dungeon, and saw 3 of its levels.

You collected 185 gold pieces.

Inventory:

Hand Weapons
 j - a +0 dagger (weapon)
Armour
 a - a +0 robe (worn)
 b - a +0 hat (worn)
Jewellery
 i - a ring of wizardry (left hand)
 l - an uncursed ring of fire {unknown}
Scrolls
 h - a scroll of teleportation
Potions
 e - a potion of agility {unknown}
 f - 3 potions of brilliance
 m - 2 potions of mutation {unknown}
Books
 c - a book of Minor Magic

   Spells                             Type                      Level
   a - Magic Dart                     Conjuration                  1
   b - Blink                          Translocation                2
   c - Call Imp                       Summoning                    2
   d - Repel Missiles                 Charms/Air                   2
   e - Slow                           Hexes                        2
   f - Conjure Flame                  Conjuration/Fire             3
   g - Mephitic Cloud                 Conjuration/Poison/Air       3
Comestibles
 d - 2 bread rations
 g - 3 chunks of flesh
 k - a beef jerky


   Skills:
 + Level 0.6 Fighting
 + Level 0.2 Short Blades
 + Level 2.5 Dodging
 + Level 2.6 Stealth
 + Level 5.1 Spellcasting
 + Level 2.5 Conjurations
 + Level 0.8 Summonings
 + Level 1.1 Translocations
 + Level 0.8 Air Magic


You had 2 spell levels left.
You knew the following spells:

 Your Spells              Type           Power        Failure   Level  Hunger
a - Magic Dart            Conj           ###.         1%          1    None
b - Blink                 Tloc           N/A          4%          2    None
c - Call Imp              Summ           #.......     4%          2    None
d - Mephitic Cloud        Conj/Pois/Air  ##......     9%          3    ##.....
e - Conjure Flame         Conj/Fire      ##......     7%          3    ##.....


Dungeon Overview and Level Annotations

Branches:
Dungeon (3/15)

Altars:
Makhleb


Message History

The centaur shoots an arrow.
The arrow hits you.
The centaur shoots an arrow.
The arrow hits you.
The centaur shoots an arrow.
The arrow barely misses you.
You see here an arrow.
The centaur shoots an arrow.
The arrow barely misses you.
Casting: Magic Dart
Confirm with . or Enter, or press ? or * to list all spells.
Aiming: Magic Dart
Press: ? - help, Shift-Dir - straight line, f/p - centaur
Aim: a centaur, wielding a shortbow (lightly wounded)
The magic dart hits the centaur.
The centaur is moderately wounded.
The centaur shoots an arrow.
The arrow hits you.
* * * LOW HITPOINT WARNING * * *
Casting: Magic Dart
Confirm with . or Enter, or press ? or * to list all spells.
Okay, then.
As you read the scroll of teleportation, it crumbles to dust.
You feel strangely unstable.
The centaur shoots an arrow.
The arrow hits you!
You die...

#.# #.# #.# #.# .#
#.# #.# .. #.# #.# ..
##.####.### .#
.<........#####.# g#
##.#.##...รท.....# .#
##.#####.##########.#
#.# #...(...@(.cg#
#.# ############.#
#.# .# ..# .# ## .#
.. ##


You could see a centaur and a hobgoblin.

Vanquished Creatures
  Terence (D:2)
  2 adders (D:2)
  A shadow imp (D:2)
  2 oozes (D:2)
  2 worms
  A dart slug (D:1)
  2 leopard geckos (D:1)
  An orc (D:3)
  A ball python (D:2)
  4 giant cockroaches
  8 goblins
  7 hobgoblins (D:1)
  2 jackals
  10 kobolds
  3 bats
  3 frilled lizards
  6 rats
56 creatures vanquished.

Notes
Turn   | Place    | Note
-------+----------+-------------------------------------------
     0 | D:1      | devil0150 the High Elf Wizard began the quest for the Orb.
     0 | D:1      | Reached XP level 1. HP: 11/11 MP: 6/6
   293 | D:1      | Reached skill level 4 in Spellcasting
   473 | D:1      | Reached XP level 2. HP: 17/17 MP: 4/8
  1244 | D:1      | Reached XP level 3. HP: 19/21 MP: 4/9
  1632 | D:1      | Learned a level 2 spell: Blink
  1635 | D:1      | Learned a level 2 spell: Call Imp
  1639 | D:1      | Learned a level 3 spell: Mephitic Cloud
  1692 | D:2      | Noticed Terence
  2154 | D:1      | Learned a level 3 spell: Conjure Flame
  2366 | D:2      | Killed Terence
  2494 | D:2      | Reached XP level 4. HP: 27/27 MP: 4/11
  2688 | D:2      | Found a faded altar of an unknown god.
  2694 | D:2      | Reached skill level 5 in Spellcasting
  3407 | D:2      | Found a burning altar of Makhleb.
  3474 | D:2      | Became a worshipper of Makhleb the Destroyer
  3658 | D:3      | Noticed a centaur
  3666 | D:3      | Shot with an arrow by a centaur

Skill      XL: |  1  2  3  4 |
---------------+-------------+-----
Spellcasting   | 4 5 |  5.1
Conjurations   | 2 |  2.5
Fighting       | |  0.6
Short Blades   | |  0.2
Dodging        | |  2.5
Stealth        | |  2.6
Summonings     | |  0.8
Translocations | |  1.1
Air Magic      | |  0.8

Action                   |  1- 3 |  4- 6 || total
-------------------------+-------+-------++-------
Melee: Dagger            |    10 |    14 ||    24
 Cast: Magic Dart        |   115 |    60 ||   175
       Mephitic Cloud    |     4 |       ||     4
       Call Imp          |     4 |       ||     4
       Blink             |     2 |       ||     2
  Use: Scroll            |     4 |     1 ||     5
 Stab: Confused          |     1 |       ||     1
  Eat: Chunk             |     3 |       ||     3
       Meat ration       |       |     1 ||     1
Armor: Robe              |     6 |     5 ||    11
Dodge: Dodged            |    22 |    14 ||    36
